 Dungeon Crawl Stone Soup version 0.23.2-33-g5129a83184 (webtiles) character file.

Game seed: 11434243899106970542

142 MalarOregon the Ruffian (level 5, 0/45 (47) HPs)
             Began as a Ghoul Warper on July 12, 2019.
             Slain by a scorpion (8 damage)
             ... on level 3 of the Dungeon.
             The game lasted 00:03:00 (2033 turns).

MalarOregon the Ruffian (Ghoul Warper)              Turns: 2033, Time: 00:03:01

HP:   0/45 (47)     AC:  3    Str: 15    XL:     5   Next: 24%
MP:   6/6           EV: 11    Int:  8    God:
Gold: 98            SH:  0    Dex:  9    Spells: 7/7 levels left

rFire    . . .     SeeInvis .     - Unarmed
rCold    + . .     Gourm    .   (no shield)
rNeg     + + +     Faith    .   a - +0 leather armour
rPois    ∞         Spirit   .   (no helmet)
rElec    .         Reflect  .   (no cloak)
rCorr    .         Harm     .   (no gloves)
MR       .....                  (no boots)
Stlth    +.........             k - amulet of regeneration
HPRegen  0.00/turn              (no ring)
MPRegen  0.10/turn              (no ring)

@: rotting
A: rotting body, claws 1, carnivore, cold resistance 1, negative energy
resistance 3, inhibited regeneration, torment resistance, unbreathing
a: no special abilities


You were on level 3 of the Dungeon.
You were not hungry.

You visited 1 branch of the dungeon, and saw 3 of its levels.

You collected 98 gold pieces.

Inventory:

Missiles
 d - 5 tomahawks of dispersal {!f}
 f - 8 poisoned tomahawks
 g - 63 stones (quivered)
Armour
 a - a +0 leather armour (worn)
Jewellery
 k - an amulet of regeneration (around neck)
   (You found it on level 1 of the Dungeon)
Scrolls
 b - 4 scrolls of remove curse {unknown}
 c - a scroll of blinking
 j - a scroll of random uselessness {unknown}
 n - 2 scrolls of fog {unknown}
 p - a scroll of amnesia {unknown}
 q - a scroll of enchant armour {unknown}
 s - a scroll of magic mapping {unknown}
Potions
 i - a potion of lignification {unknown}
 l - 2 potions of flight {unknown}
 m - 2 potions of curing {@q1}
 o - 2 potions of degeneration {unknown}
 r - a potion of heal wounds {unknown}
Comestibles
 e - 3 rations {!d}


   Skills:
 + Level 4.3 Fighting
 - Level 0.8 Throwing
 - Level 0.8 Armour
 - Level 1.7 Dodging
 + Level 4.3 Unarmed Combat
 - Level 1.7 Spellcasting
   Level 2.6 Translocations


You had 7 spell levels left.
You didn't know any spells.
Your spell library contained the following spells:

 Spells                   Type           Power        Failure   Level  Hunger
 Blink                    Tloc           N/A          22%         2    ###....
 Shroud of Golubria       Chrm/Tloc      #.........   36%         2    ###....
 Gell's Gravitas          Tloc           #.........   41%         3    ####...
 Lesser Beckoning         Tloc           #.........   41%         3    ####...
 Teleport Other           Tloc           #.......     41%         3    ####...
 Passage of Golubria      Tloc           N/A          83%         4    #####..


Dungeon Overview and Level Annotations

Branches:
Dungeon (3/15)

Altars:


Innate Abilities, Weirdness & Mutations

Your body is rotting away.
You thrive on raw meat.
You are immune to poison.
You have sharp fingernails.
You are carnivorous and can eat meat at any time.
Your flesh is cold resistant. (rC+)
You are immune to negative energy. (rN+++)
You do not regenerate when monsters are visible.
You are immune to unholy pain and torment.
You can survive without breathing.


Message History

There is a stone staircase leading down here.
You feel your flesh rotting away.
You see here 25 arrows.
Key pressed, stopping explore.
Items here: )) [[[ a +0 falchion; a +0 chain mail; a +0 dagger; a +0 robe; a +0 ring mail
Found 8 gold pieces.
You now have 98 gold pieces (gained 8).
Done exploring.
Done exploring.
Done exploring.
Done exploring.
Done exploring.
Done exploring.
Done exploring.
You feel your flesh rotting away.
There is a stone staircase leading down here.
You climb downwards.
There is a stone staircase leading up here.
An adder and a scorpion come into view.
The adder hisses angrily.
There are monsters nearby!
There are monsters nearby!
You scratch the adder. The adder closely misses you.
You miss the adder. The adder bites you.
You miss the adder. The adder barely misses you.
A kobold comes into view.
The adder bites you.
You barely miss the adder. The adder completely misses you.
You closely miss the adder. The adder misses you.
You miss the adder. The adder bites you.
You barely miss the adder. The adder bites you.
You scratch the adder. The adder bites you but does no damage.
You claw the adder!
You kill the adder!
You scratch the scorpion. The scorpion stings you.
You scratch the scorpion. The scorpion barely misses you.
You claw the scorpion! The scorpion stings you.
You scratch the scorpion but do no damage.
The scorpion stings you.
* * * LOW HITPOINT WARNING * * *
You closely miss the scorpion. The scorpion barely misses you.
You scratch the scorpion but do no damage.
The scorpion stings you.
* * * LOW HITPOINT WARNING * * *
You scratch the scorpion. The scorpion stings you!
* * * LOW HITPOINT WARNING * * *
You scratch the scorpion but do no damage.
You barely miss the scorpion. The scorpion stings you!
You die...

...#######
.....Ks@.#
########.#
#....<#.#
#.###...#
#.### #.#
#.. ###


You could see a scorpion and a kobold.

Vanquished Creatures
  An orc wizard (D:2)
  4 gnolls
  3 adders
  An ooze (D:2)
  2 leopard geckos
  3 orcs (D:2)
  4 bats
  2 giant cockroaches (D:1)
  5 goblins
  5 hobgoblins
  4 kobolds
  2 frilled lizards (D:2)
  8 rats
44 creatures vanquished.

Notes
Turn   | Place    | Note
-------+----------+-------------------------------------------
     0 | D:1      | MalarOregon the Ghoul Warper began the quest for the Orb.
     0 | D:1      | Reached XP level 1. HP: 17/17 MP: 2/2
   406 | D:1      | Reached XP level 2. HP: 23/23 MP: 3/3
   855 | D:1      | Reached XP level 3. HP: 26/31 MP: 4/4
  1048 | D:2      | Found a faded altar of an unknown god.
  1285 | D:2      | Reached XP level 4. HP: 20/38 MP: 5/5
  1522 | D:2      | Reached XP level 5. HP: 22/46 MP: 6/6
  2033 | D:3      | Slain by a scorpion

Skill      XL: |  1  2  3  4 |
---------------+-------------+-----
Fighting       | 3 4 |  4.3
Unarmed Combat | 3 4 |  4.3
Throwing       | |  0.8
Armour         | |  0.8
Dodging        | |  1.7
Spellcasting   | |  1.7
Translocations | |  2.6

Action                   |  1- 3 |  4- 6 || total
-------------------------+-------+-------++-------
Melee: Unarmed           |   116 |    83 ||   199
  Eat: Chunk             |     6 |     3 ||     9
Armor: Leather armour    |    32 |     9 ||    41
Dodge: Dodged            |    56 |    34 ||    90
